 Dungeon Crawl Stone Soup version 0.29-a0-577-gafbf2c5d25 (webtiles) character file.

Game seed: 1803851075799564080

569 frogsbabysitter the Slasher (level 7, -6/38 HPs)
             Began as a Vine Stalker Fighter on June 14, 2022.
             Killed by nerve-wracking pain
             ... invoked by an orc priest
              (11 damage)
             ... on level 5 of the Dungeon.
             The game lasted 00:23:18 (3311 turns).

frogsbabysitter the Slasher (Vine Stalker Fighter)  Turns: 3311, Time: 00:23:20

Health: -6/38      AC:  9    Str: 20    XL:     7   Next: 33%
Magic:  0/8        EV:  9    Int:  8    God:
Gold:   57         SH:  4    Dex: 14    Spells: 6/6 levels left

rFire   . . .      SeeInvis .   E - +0 falchion (vorpal)
rCold   . . .      Faith    .   c - +0 buckler
rNeg    . . .      Spirit   +   b - +0 scale mail
rPois   .          Reflect  .   m - +1 helmet
rElec   .          Harm     .   (no cloak)
rCorr   .          Rampage  .   u - +0 pair of gloves
Will    .....                   (no boots)
Stlth   ..........              (no amulet)
HPRegen 0.92/turn               (no ring)
MPRegen 0.11/turn               (no ring)

@: no status effects
A: fangs 2, regeneration 1, magic shield, antimagic bite, no potion heal 2
a: no special abilities


You were on level 5 of the Dungeon.
You visited 1 branch of the dungeon, and saw 5 of its levels.

You collected 226 gold pieces.
You spent 169 gold pieces at shops.

Inventory:

Hand Weapons
 a - a +0 long sword
 w - a +2 dagger of electrocution
 A - a +0 great sword
 E - a +0 vorpal falchion (weapon)
Missiles
 f - 5 curare-tipped darts (quivered)
 h - 77 stones
 y - 2 poisoned darts
Armour
 b - a +0 scale mail (worn)
 c - a +0 buckler (worn)
 m - a +1 helmet (worn)
 u - a +0 pair of gloves (worn)
Wands
 B - a wand of mindburst (25)
 C - a wand of acid (15)
Scrolls
 g - 2 scrolls of noise {unknown}
 k - 2 scrolls of fear {unknown}
 l - 2 scrolls of enchant armour {unknown}
 n - a scroll of magic mapping {unknown}
 o - a scroll of brand weapon {unknown}
 p - 2 scrolls of amnesia {unknown}
 q - a scroll of vulnerability {unknown}
 s - a scroll of fog {unknown}
 t - a scroll of blinking {unknown}
 v - 3 scrolls of identify {unknown}
Potions
 d - 2 potions of might
 e - a potion of flight {unknown}
 i - 2 potions of curing
 j - a potion of lignification {unknown}
 r - 2 potions of degeneration {unknown}
 x - a potion of brilliance {unknown}
 D - a potion of haste
Miscellaneous
 z - a piece from Xom's chessboard (15/15)


   Skills:
 + Level 4.7 Fighting
 * Level 5.8 Long Blades
 - Level 2.5 Armour
 - Level 2.8 Shields


You had 6 spell levels left.
You didn't know any spells.
Your spell library contained the following spells:

 Spells                   Type           Power      Damage    Failure   Level
 Necrotize                Necr           0%         1d4       86%         1
 Tukima's Dance           Hex            0%         N/A       99%         3
 Vampiric Draining        Necr           0%         2d6       99%         3
 Passage of Golubria      Tloc           0%         N/A       100%        4
 Agony                    Necr           0%         N/A       100%        5
 Yara's Violent Unravell  Hex/Tmut       0%         3d3       100%        5


Dungeon Overview and Level Annotations

Branches:
Dungeon (5/15)
 Temple: D:4-7

Altars:
Xom

Shops:
D:1 =   D:4 !

Annotations:
D:3 3 runed translucent doors, Grinder; bchevrier's ghost, weakling MiMo


Innate Abilities, Weirdness & Mutations

You have extremely sharp teeth.
Your natural rate of healing is unusually fast.
When hurt, damage is shared between your health and your magic reserves.
Your bite disrupts and absorbs the magic of your enemies.
Potions cannot restore your health.


Message History

You feel sick.
You are no longer poisoned.
The adder bites you but does no damage.
You barely miss the adder. You bite the adder, but do no damage.
The adder is almost dead.
The adder bites you.
You miss the adder.
The adder is almost dead.
The adder bites you but does no damage. The adder bites you.
You are poisoned.
The adder poisons you!
You hit the adder.
You kill the adder!
You feel sick.
The orc priest hits you but does no damage.
You hit the orc priest.
The orc priest is heavily wounded.
You feel sick.
The orc priest hits you but does no damage.
You closely miss the orc priest. You bite the orc priest. You drain its power.
You feel invigorated.
The orc priest is severely wounded.
You feel sick.
The orc priest calls down the wrath of Beogh upon you.
Beogh smites you!
You barely miss the orc priest. You bite the orc priest. You drain its power.
You feel invigorated.
The orc priest is almost dead.
You feel sick.
The orc priest invokes the aid of Beogh against you.
Pain shoots through your body!
* * * LOW HITPOINT WARNING * * *
You closely miss the orc priest.
The orc priest is almost dead.
You feel sick. You block the orc priest's attack.
The orc priest barely misses you.
Your system rejects the healing.
You feel better.
The orc priest mumbles some strange prayers to Beogh against you.
Pain shoots through your body!
You die...

#..###.#
#.........#n.....#
##...#.#
#.........<....#
###.#.#
#........###....#
#...####..........
.#...
##..##.......#...## #
. #..........#..#..
#...#...##o.......
...>......o.........
#.....$...@#..........
#..................
#........$.........
#...........#..<...
#...........#......
.......... ..$..
.........##.....
........## ....
........# #...


You could see an orc priest and an orc wizard.

Vanquished Creatures
  An ice beast (D:4)
  A phantom (D:4)
  2 necrophages
  A hound (D:4)
  Jessica (D:3)
  Ijyb (D:4)
  2 orc wizards
  4 gnolls
  3 adders
  4 worms (D:3)
  2 dart slugs
  4 orcs
  3 ball pythons
  8 bats
  8 endoplasms
  2 giant cockroaches
  7 goblins
  8 hobgoblins
  3 jackals (D:1)
  3 quokkas
  5 kobolds
  5 rats
78 creatures vanquished.

Notes
Turn   | Place    | Note
-------+----------+-------------------------------------------
     0 | D:1      | frogsbabysitter the Vine Stalker Fighter began the quest
                  | for the Orb.
     0 | D:1      | Reached XP level 1. HP: 11/11 MP: 2/2
   267 | D:1      | Reached skill level 2 in Long Blades
   267 | D:1      | Reached XP level 2. HP: 16/16 MP: 3/3
   364 | D:1      | Found Weoce's Jewellery Shoppe.
   625 | D:2      | Reached XP level 3. HP: 20/20 MP: 4/4
  1145 | D:2      | Reached skill level 3 in Long Blades
  1270 | D:2      | Found a faded altar of an unknown god.
  1431 | D:3      | Found a runed translucent gate.
  1431 | D:3      | Found a runed translucent gate.
  1433 | D:3      | Found a runed translucent gate.
  1447 | D:3      | Noticed bchevrier's ghost (weakling MiMo)
  1486 | D:3      | Gained mutation: Your natural rate of healing is unusually
                  | fast. [Vine Stalker growth]
  1486 | D:3      | Reached XP level 4. HP: 24/24 MP: 5/5
  1547 | D:3      | Noticed Grinder
  1565 | D:3      | Paralysed by Grinder for 2 turns
  1790 | D:3      | Reached XP level 5. HP: 28/28 MP: 6/6
  1806 | D:3      | Noticed Jessica
  1814 | D:3      | Killed Jessica
  1815 | D:3      | Reached skill level 4 in Long Blades
  1939 | D:4      | Found a shimmering altar of Xom.
  2149 | D:4      | Noticed an ogre
  2302 | D:4      | Found Dibojon's Distillery.
  2316 | D:4      | Bought a potion of curing for 39 gold pieces
  2316 | D:4      | Bought a potion of haste for 130 gold pieces
  2403 | D:4      | Noticed Ijyb
  2409 | D:4      | Killed Ijyb
  2497 | D:5      | Entered Level 5 of the Dungeon
  2581 | D:5      | Reached XP level 6. HP: 30/33 MP: 4/7
  2632 | D:5      | Reached skill level 5 in Long Blades
  2688 | D:5      | Noticed an ice beast
  2688 | D:5      | Noticed a black bear
  2777 | D:4      | Reached XP level 7. HP: 38/38 MP: 6/8
  3311 | D:5      | Killed from afar by an orc priest

Illustrated notes

Levels and vault maps discovered:
D:1:      dpeg_arrival_arbitrary_b, layout_rooms, serial_shops, shop
D:2:      layout_rooms, hellmonk_ecumenical_altar_inner_sanctum
D:3:      layout_rooms, gammafunk_ghost_necromancy, nicolae_wormholes,
          uniq_grinder, uniq_jessica
D:4:      layout_rooms, xom_butterflies, serial_shops,
          nicolae_shop_advertising_works [nicolae_subvault_shop_adworks],
          uniq_ijyb
D:5:      layout_rooms, nicolae_dithmenos_through_a_glass_darkly

Skill      XL: |  1  2  3  4  5  6 |
---------------+-------------------+-----
Long Blades    | 2 3 4 5 |  5.8
Fighting       | 3 4 |  4.7
Armour         | |  2.5
Shields        | |  2.8

Action                   |  1- 3 |  4- 6 |  7- 9 || total
-------------------------+-------+-------+-------++-------
Melee: Long sword        |   102 |    83 |       ||   185
       Bite              |    16 |    51 |    13 ||    80
       Falchion          |       |    71 |    38 ||   109
Throw: Dart              |     2 |     1 |       ||     3
Evoke: Wand              |       |     1 |     1 ||     2
  Use: Potion            |       |       |     1 ||     1
Armor: Scale mail        |    50 |    67 |    42 ||   159
Dodge: Dodged            |    50 |    45 |    25 ||   120
Block: Buckler           |    18 |    17 |    17 ||    52

Table legend: (Time is in decaauts)
 A = Elapsed time spent in this place.
 B = Non-inter-level travel time spent in this place.
 C = Inter-level travel time spent in this place.
 D = Time resting spent in this place.
 E = Time spent auto-exploring this place.
 F = Levels seen in this place.
 G = Mean time per level.
                   A        B        C        D        E       F      G
               +--------+--------+--------+--------+--------+-----+--------+
         Total |   3391 |   3227 |    164 |    709 |    205 |   5 |  678.2 |
       Dungeon |   3391 |   3227 |    164 |    709 |    205 |   5 |  678.2 |
               +--------+--------+--------+--------+--------+-----+--------+

Top non-repeatable levels by time:
     D:4: 1003 daAuts
     D:2: 941 daAuts
     D:3: 649 daAuts
     D:1: 642 daAuts
     D:5: 153 daAuts
